 Dungeon Crawl Stone Soup version 0.31.0-32-g396128a36d (webtiles) character file.

Game seed: 3448595400709946720

380 seawaffle the Chopper (level 6, -1/84 HPs)
             Began as a Minotaur Berserker on Apr 8, 2024.
             Was a Priest of Trog.
             Killed from afar by Ijyb (5 damage)
             ... with a bolt of dispelling energy
             ... on level 4 of the Dungeon.
             The game lasted 00:03:46 (2862 turns).

seawaffle the Chopper (Minotaur Berserker)          Turns: 2862, Time: 00:03:46

Health: -1/84      AC:  5    Str: 24    XL:     6   Next: 46%
Magic:  5/5        EV: 11    Int:  4    God:    Trog [***...]
Gold:   153        SH:  0    Dex:  9    Spells: 5/5 levels left

rFire   . . .        a - +0 hand axe
rCold   . . .        (no shield)
rNeg    . . .        p - +0 ring mail
rPois   .            (helmet restricted)
rElec   .            (no cloak)
rCorr   .            (no gloves)
SInv    .            (no boots)
Will    .....        (no amulet) Stlth
                     (no ring)
HPRegen 0.34/turn    (no ring)
MPRegen 0.09/turn

%: no passive effects
@: berserking (expiring), lethally poisoned (-1 -> -2), very quick
A: horns 2, retaliatory headbutt
a: Renounce Religion, Berserk, Trog's Hand


You were on level 4 of the Dungeon.
You worshipped Trog.
Trog was most pleased with you.
You visited 1 branch of the dungeon, and saw 4 of its levels.

You collected 153 gold pieces.

Inventory:

Hand Weapons
 a - a +0 hand axe (weapon)
Armour
 p - a +0 ring mail (worn)
Scrolls
 c - a scroll of enchant weapon {unknown}
 d - a scroll of fog {unknown}
 e - a scroll of immolation
 i - a scroll of brand weapon {unknown}
 k - a scroll of revelation {unknown}
 n - a scroll of blinking {unknown}
Potions
 f - a potion of enlightenment {unknown}
 g - 2 potions of haste
 h - 2 potions of curing
 j - a potion of berserk rage {unknown}
 l - a potion of heal wounds
 m - a potion of mutation


   Skills:
 + Level 5.1 Fighting
 * Level 6.1 Axes
 + Level 4.3 Armour
 + Level 3.9 Dodging


You had 5 spell levels left.
You didn't know any spells.
Your spell library was empty.

Dungeon Overview and Level Annotations

Branches:
Dungeon (4/15)
 Temple: D:4-7

Altars:
Ashenzari
Elyvilon
Qazlal

Annotations:
D:4 Duvessa, Ijyb


Innate Abilities, Weirdness & Mutations

You have a pair of horns on your head.
You reflexively headbutt those who attack you in melee.


Message History

The howler monkey hits you but does no damage.
Edmund hits you with a +1 flail of holy wrath.
You barely miss the howler monkey.
The howler monkey is severely wounded.
You barely miss Edmund.
You feel sick. The howler monkey hits you.
You slash the howler monkey!
You kill the howler monkey!
Trog accepts your kill.
You hit Edmund.
You feel sick.
Edmund hits you with a +1 flail of holy wrath.
* * * LOW HITPOINT WARNING * * *
Your Armour skill increases to level 4!
You slash Edmund!
Edmund is moderately wounded.
Edmund closely misses you. You furiously retaliate!
You headbutt Edmund!! You hit Edmund.
Edmund is severely wounded.
You feel sick.
You slash Edmund! Your headbutt misses Edmund.
Edmund is almost dead.
You feel sick.
Edmund hits you with a +1 flail of holy wrath!
* * * LOW HITPOINT WARNING * * *
You hit Edmund.
Edmund is almost dead.
Duvessa, Sister of Dowan comes into view.
She is wielding a +0 short sword.
Ijyb the Twisted Goblin comes into view.
She is wielding a +0 club and carrying a wand of quicksilver.
Edmund hits you with a +1 flail of holy wrath.
* * * LOW HITPOINT WARNING * * *
You hit Edmund.
You kill Edmund!
Trog accepts your kill.
You feel sick.
Your Fighting skill increases to level 5!
Your Axes skill increases to level 6!
You have reached level 6!
You feel sick.
You feel a strong urge to attack something.
Ijyb zaps a wand.
The bolt of dispelling energy hits you.
You die...

8.. #.. .# ...
#.e# ..# 8.
##...#
...###'##....#
.......#.....
.......g.†)#
...........#
#......†##
#....@...#
.....#.<#......
#...
###........ #..
#.....##
####..# ..>#
.##


You could see Duvessa and Ijyb.

Vanquished Creatures
  Edmund (D:4)
  A scorpion (D:4)
  A howler monkey (D:4)
  4 gnolls (D:3)
  5 adders
  A dart slug (D:3)
  3 orcs (D:3)
  6 ball pythons
  8 endoplasms
  4 giant cockroaches
  4 goblins
  8 hobgoblins
  4 jackals (D:3)
  8 kobolds
  A quokka (D:3)
  3 bats
  2 frilled lizards (D:1)
  6 rats
70 creatures vanquished.

Notes
Turn   | Place    | Note
-------+----------+-------------------------------------------
     0 | D:1      | seawaffle the Minotaur Berserker began the quest for the
                  | Orb.
     0 | D:1      | Reached XP level 1. HP: 19/19 MP: 0/0
   205 | D:1      | Reached XP level 2. HP: 22/27 MP: 1/1
   384 | D:1      | Reached skill level 4 in Axes
   866 | D:2      | Reached XP level 3. HP: 25/33 MP: 2/2
  1140 | D:2      | Reached ** piety under Trog
  1706 | D:3      | Found a faded altar of an unknown god.
  1783 | D:3      | Found a white marble altar of Elyvilon.
  1786 | D:3      | Found a stormy altar of Qazlal.
  2026 | D:3      | Reached XP level 4. HP: 39/40 MP: 3/3
  2059 | D:3      | Found a broken altar of Ashenzari.
  2348 | D:3      | Reached skill level 5 in Axes
  2764 | D:3      | Reached *** piety under Trog
  2836 | D:4      | Noticed a scorpion
  2843 | D:4      | Reached XP level 5. HP: 47/47 MP: 4/4
  2850 | D:4      | Noticed Edmund
  2859 | D:4      | Noticed Duvessa
  2859 | D:4      | Noticed Ijyb
  2860 | D:4      | Killed Edmund
  2861 | D:4      | Reached skill level 5 in Fighting
  2861 | D:4      | Reached skill level 6 in Axes
  2861 | D:4      | Reached XP level 6. HP: 5/56 MP: 5/5
  2861 | D:4      | HP: 4/84 [poisoned by a scorpion]
  2862 | D:4      | Killed from afar by Ijyb

Illustrated notes

Levels and vault maps discovered:
D:1:      amcnicky_arrival_gap_in_the_tavern_cellar, layout_loops_cross
D:2:      layout_loops_ring, serial_co_window_serial, co_window_corner_a,
          co_window_paths_a, co_window_of_opportunity_a, co_window_corner_a,
          co_window_of_opportunity_a, co_window_unsneaky_path_c,
          co_window_unsneaky_path_c, co_window_corner_b, co_window_cross_2,
          co_window_corner_ca, co_window_cross_3, co_window_broadway_b,
          glass_columns_a, glass_columns_c, glass_columns_a
D:3:      layout_loops_corners, nicolae_overflow_squiral,
          evilmike_ruin_ashenzari, nicolae_ecumenical_pavilion
D:4:      minmay_chambers_of_fours, layout_cave_pools,
          nicolae_overflow_crystal_walls, dk_noncrumbling_4,
          kennysheep_small_spiral, uniq_ijyb, uniq_duvessa, uniq_edmund

Skill      XL: |  1  2  3  4  5 |
---------------+----------------+-----
Axes           | 4 5 6 |  6.1
Fighting       | 4 5 |  5.1
Armour         | 3 4 |  4.3
Dodging        | 3 |  3.9

Action                     |  1- 3 |  4- 6 || total
---------------------------+-------+-------++-------
  Melee: Hand axe          |    86 |    66 ||   152
         Headbutt          |    15 |     9 ||    24
 Invoke: Berserk           |       |     2 ||     2
    Use: Scroll            |     3 |     2 ||     5
         Potion            |       |     1 ||     1
   Stab: Sleeping          |     1 |       ||     1
         Distracted        |     1 |       ||     1
 Armour: Animal skin       |    45 |       ||    45
         Ring mail         |     1 |    60 ||    61
  Dodge: Dodged            |    44 |    48 ||    92
